 Dungeon Crawl Stone Soup version 0.19-a0-1341-g3513869 (webtiles) character file.

12236 4thArraOfDagon the Brawler (level 11, -2/79 HPs)
             Began as a Troll Ice Elementalist on Sept 1, 2016.
             Was a Believer of Ashenzari.
             Killed from afar by a catoblepas (12 damage)
             ... with a blast of calcifying dust
             ... on level 15 of the Dungeon.
             The game lasted 00:22:38 (3736 turns).

4thArraOfDagon the Brawler (Troll Ice Elementalist) Turns: 3736, Time: 00:22:38

Health: -2/79      AC:  9    Str: 24 (25) XL:     11   Next: 59%
Magic:  11/11      EV:  9    Int: 16      God:    Ashenzari [**....]
Gold:   14         SH:  0    Dex: 11 (12) Spells: 1 memorised, 9 levels left

rFire  . . .     SeeInvis .       - Unarmed
rCold  + + .     Gourm    +     F - +0 troll leather armour
rNeg   + . .     Faith    .     (no shield)
rPois  +         Spirit   .     (helmet restricted)
rElec  .         Dismiss  .     (no cloak)
rCorr  .         Reflect  .     (gloves unavailable)
MR     +++..     Harm     .     (boots unavailable)
Stlth  +......... Clarity  +    L - amulet of the Four Winds {rN+ MR+++ Clar}
                                m - +5 ring of strength
                                y - ring of poison resistance

@: no status effects
A: unfitting armour, claws 3, yellow scales 1, agile 1, clever 1, cold
resistance 2, deterioration 1, fast metabolism 3, frail 1, gourmand,
regeneration 1, shaggy fur 1, strong 1, tough skin 2
a: Curse Item, Scrying, Renounce Religion


You were on level 15 of the Dungeon.
You worshipped Ashenzari.
Ashenzari was pleased with you.
You were very full.

You visited 2 branches of the dungeon, and saw 16 of its levels.
You also visited: Labyrinth.

You collected 404 gold pieces.
You spent 390 gold pieces at shops.

Inventory:

Hand Weapons
 g - the +7 lajatang of Order {silver, rMut}
   (You found it in a labyrinth)

   It protects you from mutation.
 l - a +1 giant spiked club
Missiles
 b - 2 throwing nets (quivered)
Armour
 a - a +0 robe
 F - a +0 troll leather armour (worn)
 I - a +2 robe of positive energy
Rods
 w - a +6 rod of clouds (10/10)
   (You found it in a labyrinth)
 D - a +9 rod of ignition (9/9)
   (You found it in a labyrinth)
 E - a +3 rod of ignition (13/13)
   (You found it in a labyrinth)
Jewellery
 m - a +5 ring of strength (right claw)
 o - an uncursed ring of positive energy
 y - a ring of poison resistance (left claw)
 z - a +4 ring of intelligence
 G - an uncursed amulet of regeneration
 H - an uncursed ring of resist corrosion
 K - an uncursed ring of wizardry
 L - the amulet of the Four Winds (around neck) {rN+ MR+++ Clar}
   (You found it on level 15 of the Dungeon)

   [amulet of nothing]

   It protects you from negative energy.
   It affects your resistance to hostile enchantments.
   It protects you against confusion.
Wands
 n - a wand of disintegration (0/24)
 t - a wand of disintegration (0/24)
 u - a wand of paralysis (5/24)
 J - a wand of confusion (31/48)
Scrolls
 e - 3 scrolls of enchant weapon
 i - 3 scrolls of blinking
 j - 2 scrolls of amnesia
 k - 2 scrolls of magic mapping
 x - 2 scrolls of immolation
 A - 2 scrolls of remove curse
 B - a scroll of fear
 C - 3 scrolls of teleportation
Potions
 d - a potion of heal wounds
 f - 2 potions of haste
 p - a potion of lignification
 q - a potion of cancellation {unknown}
 r - a potion of ambrosia {unknown}
 s - a potion of cure mutation {unknown}
 v - 2 potions of curing
Comestibles
 c - 9 bread rations
 h - 2 meat rations


   Skills:
 - Level 1.5 Dodging
 - Level 1.1 Stealth
 * Level 17.2 Unarmed Combat
 - Level 1.2 Spellcasting
   Level 0.6 Conjurations
   Level 2.1 Ice Magic


You had 9 spell levels left.
You knew the following spells:

 Your Spells              Type           Power        Failure   Level  Hunger
a - Regeneration          Chrm/Necr      #.........   83%         3    ####...


Dungeon Overview and Level Annotations

Branches:
Dungeon (15/15)            Temple (1/1) D:6             Orc (0/2) D:9
   Lair: D:8-11      Vaults: D:13-14     Depths: D:15

Altars:
Ashenzari
Cheibriados
Dithmenos
Gozag
Hepliaklqana
Kikubaaqudgha
Nemelex Xobeh
Okawaru
Trog
Uskayaw
Xom
Zin
The Shining One

Shops:
D:9 (   D:15 =

Annotations:
D:13 Frances


Innate Abilities, Weirdness & Mutations

You are too large for most types of armour.
You have claws for hands.
Your metabolism is lightning-fast.
You like to eat raw meat.
Your natural rate of healing is unusually fast.
You are covered in fur. (AC +1)
You have very tough skin. (AC +2)
You are partially covered in yellow scales. (AC +2)
You are agile. (Dex +2)
Your mind is acute. (Int +2)
Your flesh is very cold resistant. (rC++)
Your body sometimes deteriorates upon taking damage.
You are frail. (-10% HP)
Your muscles are strong. (Str +2)


Message History

Your body deteriorates!
You feel clumsy.
You claw the catoblepas!
The catoblepas is heavily wounded.
You scratch the catoblepas.
The catoblepas is heavily wounded.
The catoblepas gores you!!
Unknown command.
Unknown command.
Unknown command.
You claw the catoblepas!
The catoblepas is severely wounded.
The catoblepas gores you!!
* * * LOW HITPOINT WARNING * * *
Unknown command.
Unknown command.
Unknown command.
Unknown command.
The catoblepas breathes a plume of calcifying dust at you.
The blast of calcifying dust hits you!
You die...

#.......# .. ........# *.#
#.#####.###.# #.#####.#...#
#......†...#
#######...#########
.<....†...........#
....#...#.........#
#.#,#.###......§@.###########
#, #.........Y.............#
,, ######............∩.....#
* ####.##.(...^......#
#.##.############ #+##.## *
#..# * ##)### , #.(.#


You could see a catoblepas.

Vanquished Creatures
  A minotaur (Lab)
  3 centaur warriors
  A hill giant (D:10)
  An ugly thing (D:13)
  2 deep elf magi
  A kobold demonologist (D:13)
  2 centaur skeletons
  A freezing wraith (D:15)
  3 trolls
  A two-headed ogre (D:10)
  A wolf spider simulacrum (D:13)
  2 wraiths (D:11)
  5 yaks (D:10)
  3 hippogriffs
  A soldier ant (D:9)
  A water moccasin (D:15)
  2 orc warriors
  2 sky beasts
  4 ice beasts
  4 black bears
  A phantom (D:6)
  3 centaurs
  3 ogres
  A crocodile (D:14)
  5 big kobolds
  8 giant frogs
  A gnoll sergeant (D:9)
  4 wights (D:13)
  4 crimson imps
  2 quasits
  8 hounds
  10 orc priests
  2 jellies
  A gnoll shaman (D:9)
  8 orc wizards
  A giant frog skeleton (D:10)
  6 worker ants
  2 iguanas
  A hound zombie (D:9)
  6 gnolls (D:9)
  4 adders
  4 shadow imps
  3 adder skeletons
  A dart slug (D:5)
  2 giant geckos
  31 orcs
  4 giant cockroaches
  2 hobgoblins (D:9)
  A jackal (D:9)
  10 kobolds
  4 quokkas
  A bat (D:2)
  A giant newt (D:6)
  3 goblins
  A jackal skeleton (D:4)
  A jackal zombie (D:7)
  A rat (D:1)
192 creatures vanquished.

Notes
Turn   | Place    | Note
-------+----------+-------------------------------------------
     0 | D:1      | 4thArraOfDagon the Troll Ice Elementalist began the quest for the Orb.
     0 | D:1      | Reached XP level 1. HP: 16/16 MP: 1/1
     3 | D:1      | 4thArraOfDagon: hu
    18 | D:1      | 4thArraOfDagon: hi
    66 | D:1      | Reached skill level 1 in Unarmed Combat
   131 | D:2      | Reached XP level 2. HP: 20/24 MP: 2/2
   236 | D:3      | Found a shadowy altar of Dithmenos.
   260 | D:4      | Reached skill level 2 in Unarmed Combat
   260 | D:4      | Reached XP level 3. HP: 31/31 MP: 3/3
   263 | D:4      | Reached skill level 3 in Unarmed Combat
   315 | D:4      | You fall through a shaft for 3 floors!
   338 | D:7      | Found a hide-covered altar of Uskayaw.
   366 | D:7      | Noticed a black bear
   375 | D:7      | Killed a black bear
   375 | D:7      | Reached skill level 4 in Unarmed Combat
   375 | D:7      | Reached XP level 4. HP: 26/39 MP: 4/4
   375 | D:7      | Reached XP level 5. HP: 30/45 MP: 5/5
   393 | D:6      | Found a glowing golden altar of the Shining One.
   395 | D:6      | Found an opulent altar of Gozag.
   397 | D:6      | Found a snail-covered altar of Cheibriados.
   397 | D:6      | Found a shattered altar of Ashenzari.
   401 | D:6      | Found a hazy altar of Hepliaklqana.
   406 | D:6      | Became a worshipper of Ashenzari the Shackled
   416 | D:6      | Reached skill level 5 in Unarmed Combat
   518 | D:6      | Noticed a sky beast
   533 | D:6      | Killed a sky beast
   533 | D:6      | Reached XP level 6. HP: 53/53 MP: 6/6
   543 | D:6      | Gained mutation: You are agile. (Dex +2) [mutagenic meat]
   546 | D:6      | Gained mutation: Your mind is acute. (Int +2) [mutagenic meat]
   552 | D:6      | Gained mutation: Your flesh is cold resistant. (rC+) [mutagenic meat]
   571 | D:6      | Found a staircase to the Ecumenical Temple.
   579 | D:6      | heh
   590 | D:6      | Reached skill level 6 in Unarmed Combat
   627 | D:5      | Entered Level 5 of the Dungeon
   745 | D:5      | Reached skill level 7 in Unarmed Combat
   749 | D:5      | Reached XP level 7. HP: 59/59 MP: 7/7
   876 | Temple   | Entered the Ecumenical Temple
   912 | D:7      | Learned a level 3 spell: Regeneration
   936 | D:7      | Reached skill level 8 in Unarmed Combat
   977 | D:7      | Reached * piety under Ashenzari
  1086 | D:8      | Reached skill level 9 in Unarmed Combat
  1160 | D:9      | Reached XP level 8. HP: 34/67 MP: 8/8
  1182 | D:9      | Reached skill level 10 in Unarmed Combat
  1277 | D:9      | Found Faref's Weapon Shop.
  1393 | D:9      | Found a staircase to the Orcish Mines.
  1490 | D:9      | Reached skill level 11 in Unarmed Combat
  1506 | D:9      | Noticed a troll
  1589 | D:9      | Killed a troll
  1595 | D:9      | Reached XP level 9. HP: 73/74 MP: 9/9
  1724 | D:10     | Entered Level 10 of the Dungeon
  1724 | D:10     | Noticed a hill giant
  1733 | D:10     | Killed a hill giant
  1733 | D:10     | Reached skill level 12 in Unarmed Combat
  1918 | D:10     | Reached skill level 13 in Unarmed Combat
  2015 | D:10     | Reached XP level 10. HP: 56/81 MP: 10/10
  2215 | D:10     | Reached skill level 14 in Unarmed Combat
  2374 | D:11     | Found a shattered altar of Ashenzari.
  2586 | D:13     | Gained mutation: Your flesh is very cold resistant. (rC++) [mutagenic meat]
  2589 | D:13     | Lost mutation: Your mind is acute. (Int +2) [mutagenic meat]
  2592 | D:13     | Gained mutation: Your body sometimes deteriorates upon taking damage. [mutagenic meat]
  2595 | D:13     | Gained mutation: Your mind is acute. (Int +2) [mutagenic meat]
  2598 | D:13     | Gained mutation: Your muscles are strong. (Str +2) [mutagenic meat]
  2616 | D:13     | Noticed a deep elf mage
  2642 | D:13     | Killed a deep elf mage
  2674 | D:13     | Noticed a green ugly thing
  2686 | D:13     | Killed a green ugly thing
  2686 | D:13     | Reached skill level 15 in Unarmed Combat
  2692 | D:13     | Gained mutation: You are frail. (-10% HP) [mutagenic meat]
  2695 | D:13     | Gained mutation: You are partially covered in yellow scales. (AC +2) [mutagenic meat]
  2742 | D:13     | Noticed a centaur warrior
  2767 | D:13     | Noticed a five-headed hydra
  2794 | D:13     | Noticed a centaur warrior
  2807 | D:13     | Killed a centaur warrior
  2820 | D:13     | Noticed Frances
  2856 | D:13     | Found a labyrinth entrance.
  2865 | Lab      | Entered a labyrinth
  3091 | Lab      | Noticed a minotaur
  3098 | Lab      | Killed a minotaur
  3098 | Lab      | Reached XP level 11. HP: 79/79 MP: 11/11
  3106 | Lab      | Got the shortbow "Yvidaiv" {venom, rC++}
  3130 | D:13     | magipi: hello
  3151 | D:13     | Reached skill level 16 in Unarmed Combat
  3177 | D:13     | 4thArraOfDagon: ho
  3177 | D:13     | 4thArraOfDagon: hi
  3202 | D:13     | Reached ** piety under Ashenzari
  3206 | D:13     | Turgon: hu
  3330 | D:13     | Killed a centaur warrior
  3402 | D:14     | Noticed a centaur warrior
  3495 | D:13     | Turgon: !lg 4thArraOfDagon -log
  3501 | D:14     | beem: 12301. 4thArraOfDagon, XL3 TrIE, T:758: http://crawl.xtahua.com/crawl/morgue/4thArraOfDagon/morgue-4thArraOfDagon-20160901-163335.txt
  3550 | D:14     | Turgon: The gnoll hits you! You die...
  3566 | D:14     | Noticed a deep elf mage
  3568 | D:14     | Turgon: mhmm...
  3577 | D:14     | Killed a deep elf mage
  3589 | D:14     | magipi: i guess that is the most common cause
  3626 | D:15     | Entered Level 15 of the Dungeon
  3635 | D:15     | Found Ziutt's Jewellery Shoppe.
  3639 | D:15     | Noticed a centaur warrior
  3650 | D:15     | Killed a centaur warrior
  3650 | D:15     | Reached skill level 17 in Unarmed Combat
  3658 | D:15     | Turgon: Well, early death with Tr ?!
  3673 | D:15     | Bought an uncursed ring of wizardry for 390 gold pieces
  3713 | D:15     | Noticed a catoblepas
  3736 | D:15     | Killed from afar by a catoblepas

Vault maps used:
D:1:      onia_arrival_mini_spirals, lemuel_another_geyser
D:2:      minmay_roachtagon, gammafunk_temple_overflow_elements,
          overflow_temple_1_default, first_bread, minmay_domino_2, uniq_sigmund,
          uniq_iyjb
D:3:      grunt_dithmenos_smoke, minmay_mini_jars, uniq_grinder
D:4:      serial_shops, shop, serial_park_tiny_pond
D:6:      minitemple
D:7:      kennysheep_mini, grunt_ogre_cave, kennysheep_generic_room_3
D:8:      lemuel_blue_sif_altar, minmay_lizard_king
D:9:      orc_0_dummy, serial_gnoll_camp, gnoll_camp_mini_hut,
          gnoll_camp_mini_shop, gnoll_camp_mini_hut, gnoll_camp_mini_doghouse,
          corexii_checkpoint_a, nicolae_wand_duel,
          eino_small_chamber_without_monster
D:11:     david_lair_shrubbed, basic_altar
D:13:     lemuel_slime, lab_entry_generic, minmay_misc_feat_plants, uniq_frances
D:14:     david_vaults_5, nicolae_two_hexagons, uniq_roxanne
D:15:     gammafunk_enter_depths_forms, serial_shops, shop
Temple:   eino_temple_lava
Lab:      labyrinth_hidden_loot, nicolae_lab_swirl

Skill      XL: |  1  2  3  4  5  6  7  8  9 10 11 |
---------------+----------------------------------+-----
Unarmed Combat | 1 2 4 5 7 9 11 13 15 17 | 17.2
Dodging        | |  1.5
Stealth        | |  1.1
Spellcasting   | |  1.2
Conjurations   | |  0.6
Ice Magic      | |  2.1

Action                   |  1- 3 |  4- 6 |  7- 9 | 10-12 || total
-------------------------+-------+-------+-------+-------++-------
Melee: Unarmed           |    61 |    54 |   217 |   240 ||   572
       Punch             |       |     1 |     6 |    10 ||    17
Throw: Throwing net      |       |       |     2 |     4 ||     6
Evoke: Wand              |       |       |     1 |    11 ||    12
  Use: Scroll            |     4 |       |     5 |     5 ||    14
       Potion            |       |     1 |     4 |     3 ||     8
 Stab: Sleeping          |     1 |     3 |     1 |       ||     5
       Paralysed         |       |       |     4 |    11 ||    15
  Eat: Chunk             |     4 |    14 |    12 |    24 ||    54
Armor: Robe              |    58 |    22 |    50 |    20 ||   150
       Troll hide        |       |       |       |    19 ||    19
       Skin              |       |       |       |    14 ||    14
       Troll leather arm |       |       |       |    11 ||    11
Dodge: Dodged            |    70 |    18 |    79 |    69 ||   236
